 Dungeon Crawl Stone Soup version 0.23.0 (webtiles) character file.

Game seed: 6635574376450325324

80 misha the Bolt Thrower (level 4, -3/38 HPs)
             Began as a Minotaur Hunter on Feb 16, 2019.
             Killed from afar by an orc wizard (7 damage)
             ... with a magic dart
             ... on level 3 of the Dungeon.
             The game lasted 00:13:42 (2278 turns).

misha the Bolt Thrower (Minotaur Hunter)            Turns: 2278, Time: 00:13:42

Health: -3/38      AC:  3    Str: 17    XL:     4   Next: 18%
Magic:  3/3        EV: 12    Int:  9    God:
Gold:   65         SH:  0    Dex: 10    Spells: 3/3 levels left

rFire    . . .     SeeInvis .   r - +2 dagger (elec)
rCold    . . .     Gourm    .   (no shield)
rNeg     . . .     Faith    .   c - +0 leather armour
rPois    .         Spirit   .   (helmet restricted)
rElec    .         Reflect  .   (no cloak)
rCorr    .         Harm     .   (no gloves)
MR       .....                  (no boots)
Stlth    +.........             (no amulet)
HPRegen  0.12/turn              (no ring)
MPRegen  0.08/turn              (no ring)

@: no status effects
A: retaliatory headbutt, horns 2
a: no special abilities


You were on level 3 of the Dungeon.
You were not hungry.

You visited 1 branch of the dungeon, and saw 3 of its levels.

You collected 65 gold pieces.

Inventory:

Hand Weapons
 a - a +1 hand crossbow
 b - a +0 short sword
 q - a +0 club
 r - a +2 dagger of electrocution (weapon)
 t - a +0 dagger
 w - a +0 dagger
 x - a +0 club
 z - a cursed -1 short sword
 A - a +0 war axe
 B - a +0 spear
Missiles
 d - 8 bolts
 s - 59 stones (quivered)
 y - 18 arrows
Armour
 c - a +0 leather armour (worn)
 j - a +0 leather armour
 u - a +0 leather armour
Jewellery
 i - an uncursed amulet of the acrobat {unknown}
Scrolls
 g - a scroll of random uselessness {unknown}
 h - 2 scrolls of remove curse {unknown}
 l - 2 scrolls of immolation {unknown}
 p - 4 scrolls of identify {unknown}
Potions
 e - a potion of brilliance {unknown}
 k - 2 potions of heal wounds {unknown}
 m - a potion of berserk rage {unknown}
 n - a potion of agility {unknown}
 o - a potion of curing {unknown}
 v - a potion of flight {unknown}
Comestibles
 f - 5 rations


   Skills:
 + Level 3.1 Fighting
 + Level 0.1 Short Blades
 + Level 5.6 Crossbows
 + Level 0.7 Armour
 + Level 2.4 Dodging
 + Level 1.0 Stealth


You had 3 spell levels left.
You didn't know any spells.
Your spell library was empty.

Dungeon Overview and Level Annotations

Branches:
Dungeon (3/15)

Altars:


Innate Abilities, Weirdness & Mutations

You reflexively headbutt those who attack you in melee.
You have a pair of horns on your head.


Message History

The orc wizard mumbles some strange words.
The orc wizard blinks!
You are too injured to fight recklessly!
You are too injured to fight recklessly!
You are too injured to fight recklessly!
The orc wizard gestures wildly while chanting.
The orc wizard blinks!
The frilled lizard barely misses you.
The orc wizard hits you but does no damage.
The orc wizard misses you. The orc wizard misses you.
The orc wizard gestures at you while chanting.
The magic dart hits you!
* * * LOW HITPOINT WARNING * * *
The orc wizard points at you and mumbles some strange words.
The magic dart hits you!
* * * LOW HITPOINT WARNING * * *
You see here a robe.
The orc wizard casts a spell at you. The magic dart hits you!
You die...

##...).#.###(....)....#
#............###[###.#
#.#####.##...###.#
##.#####(......†..#
.........##..l#####
##.#########...o.#
#.####### #####[#
#.......# #.# #######.#
#@# #..# #.#
#####.##### #.#
#.........# #.#
#.#.#.#.#.# #.#
#.......## #.#
###.#.### #.# #.......#
#.# ##.#.#.##


You could see an orc wizard.

Vanquished Creatures
  2 adders (D:2)
  2 worms (D:2)
  A dart slug (D:3)
  4 orcs (D:3)
  4 giant cockroaches (D:2)
  4 goblins
  8 hobgoblins
  6 kobolds
  A quokka (D:2)
  5 bats
  3 frilled lizards
  9 rats
49 creatures vanquished.

Notes
Turn   | Place    | Note
-------+----------+-------------------------------------------
     0 | D:1      | misha the Minotaur Hunter began the quest for the Orb.
     0 | D:1      | Reached XP level 1. HP: 18/18 MP: 0/0
   507 | D:1      | Reached XP level 2. HP: 25/25 MP: 1/1
   975 | D:2      | Reached skill level 5 in Crossbows
  1072 | D:2      | Reached skill level 1 in Stealth
  1072 | D:2      | Reached XP level 3. HP: 30/30 MP: 2/2
  2082 | D:3      | Reached XP level 4. HP: 38/38 MP: 3/3
  2278 | D:3      | Killed from afar by an orc wizard

Skill      XL: |  1  2  3 |
---------------+----------+-----
Crossbows      | 5 |  5.6
Stealth        | 1 |  1.0
Fighting       | 3 |  3.1
Short Blades   | |  0.1
Armour         | |  0.7
Dodging        | |  2.4

Action                   |  1- 3 |  4- 6 || total
-------------------------+-------+-------++-------
Melee: Dagger            |     1 |     9 ||    10
       Headbutt          |       |     1 ||     1
 Fire: Hand crossbow     |    85 |       ||    85
Throw: Stone             |       |    30 ||    30
  Eat: Ration            |     1 |       ||     1
       Chunk             |     1 |       ||     1
Armor: Leather armour    |     9 |     7 ||    16
Dodge: Dodged            |    16 |    24 ||    40
